[Event "ICC tourney 2332 (75 10)"]
[Site "Internet Chess Club"]
[Date "2021.01.24"]
[Round "4"]
[White "SparkyNinja"]
[Black "jmwgroff"]
[Result "0-1"]
[ICCResult "White checkmated"]
[WhiteElo "1596"]
[BlackElo "1894"]
[Opening "Caro-Kann: Tartakower (Nimzovich) variation"]
[ECO "B15"]
[NIC "CK.06"]
[Time "13:01:38"]
[PlyCount "176"]
[TimeControl "4500+10"]

1. e4 c6 2. d4 d5 3. Nc3 dxe4 4. Nxe4 Nf6 5. Nxf6+ exf6 6. Nf3 Bd6 7. Bd3
O-O 8. O-O Re8 9. h3 Nd7 10. b3 Nf8 11. Bb2 Be6 12. c4 Qd7 13. Re1 Rad8 14.
Bc3 Bb8 15. a4 Ng6 16. Bxg6 hxg6 17. Qd3 g5 18. Re2 Bf5 19. Rxe8+ Rxe8 20.
Qf1 g4 21. hxg4 Bxg4 22. Re1 Rxe1 23. Qxe1 Qe6 24. Qxe6 fxe6 25. Kf1 Bxf3
26. gxf3 Kf7 27. Ke2 Kg6 28. b4 Kf5 29. Kd3 a6 30. Bd2 b5 31. axb5 axb5 32.
c5 Bf4 33. Be3 Bh6 34. Ke2 e5 35. Kd3 Ke6 36. dxe5 Kxe5 37. Kc3 Bxe3 38.
fxe3 g5 39. Kd3 f5 40. Ke2 g4 41. Kf2 gxf3 42. Kxf3 Kd5 43. Kf4 Kc4 44.
Kxf5 Kxb4 45. e4 Kxc5 46. e5 b4 47. e6 b3 48. e7 b2 49. e8=Q b1=Q+ 50. Kf6
Qf1+ 51. Kg5 Qg2+ 52. Kh6 Qd5 53. Qe3+ Kd6 54. Qg3+ Qe5 55. Qd3+ Ke6 56.
Qh3+ Kd5 57. Qb3+ Kd6 58. Qd3+ Kc7 59. Qh7+ Kb6 60. Qb1+ Qb5 61. Qg1+ c5
62. Kh5 Qb4 63. Qg6+ Ka5 64. Qe8 Qb5 65. Qa8+ Kb4 66. Qe4+ c4+ 67. Kh4 Qa4
68. Qe7+ Kb3 69. Qb7+ Qb4 70. Qf3+ c3+ 71. Kg3 Qd6+ 72. Kg2 Kb2 73. Qb7+
Kc1 74. Qa7 Qd2+ 75. Kg3 Qd3+ 76. Kg4 c2 77. Qa1+ Kd2 78. Qa5+ Kd1 79. Qa1+
c1=Q 80. Qa4+ Qcc2 81. Qa1+ Ke2 82. Qa7 Qf5+ 83. Kg3 Qf3+ 84. Kh4 Qce4+ 85.
Kg5 Qef5+ 86. Kh6 Qf6+ 87. Kh7 Qh5+ 88. Kg8 Qhh8# { White checkmated } 0-1

[Event "ICC tourney 2332 (75 10)"]
[Site "Internet Chess Club"]
[Date "2021.01.24"]
[Round "4"]
[White "landonp"]
[Black "Mitochondria"]
[Result "1/2-1/2"]
[ICCResult "Game drawn because neither player has mating material"]
[WhiteElo "1472"]
[BlackElo "1575"]
[Opening "Sicilian: Scheveningen (Paulsen), classical variation"]
[ECO "B84"]
[NIC "SI.23"]
[Time "13:01:38"]
[PlyCount "127"]
[TimeControl "4500+10"]

1. e4 c5 2. Nf3 d6 3. d4 cxd4 4. Nxd4 Nf6 5. Nc3 a6 6. Be2 e6 7. O-O Be7 8.
Be3 b5 9. a3 Bb7 10. f3 O-O 11. Qd2 Nc6 12. Nb3 Qc7 13. Rfd1 Rfd8 14. Qe1
Ne5 15. Qf2 Nc4 16. Bxc4 Qxc4 17. Na5 Qc8 18. Qg3 d5 19. e5 Ne8 20. h4 Qc7
21. Nxb7 Qxb7 22. h5 d4 23. Bxd4 Rxd4 24. Rxd4 Bc5 25. Rd1 Rd8 26. Ne2 Qc7
27. Kh2 Bxd4 28. Rxd4 Rxd4 29. Nxd4 Qc5 30. Qf4 f6 31. Nxe6 Qxe5 32. Qxe5
fxe5 33. Nc5 Nd6 34. Nxa6 Nc4 35. Nc7 Nxb2 36. Nxb5 Kf8 37. Kg3 Ke7 38. Kg4
Kd7 39. Kf5 Nc4 40. a4 Ne3+ 41. Kxe5 Nxg2 42. c4 Ne3 43. Kd4 Nf5+ 44. Kc5
Ne7 45. a5 Kc8 46. Kb6 Kb8 47. Nd6 g6 48. hxg6 h5 49. Ne4 Nxg6 50. Nf2 Ne5
51. c5 Nxf3 52. c6 Ne5 53. c7+ Kc8 54. Kc5 Kxc7 55. a6 Nc6 56. Nh3 h4 57.
Nf4 Ne5 58. Kd4 Ng6 59. Nh3 Kb6 60. Ke3 Kxa6 61. Kf3 Kb6 62. Kg4 Kc5 63.
Nf4 Nxf4 64. Kxh4 { Game drawn because neither player has mating material }
1/2-1/2

[Event "ICC tourney 2332 (75 10)"]
[Site "Internet Chess Club"]
[Date "2021.01.24"]
[Round "4"]
[White "Nikhilp"]
[Black "Ako-Ako"]
[Result "1/2-1/2"]
[ICCResult "Black stalemated"]
[WhiteElo "1731"]
[BlackElo "1980"]
[Opening "French: King's Indian attack"]
[ECO "C00"]
[NIC "FR.02"]
[Time "13:01:57"]
[PlyCount "179"]
[TimeControl "4500+10"]

1. e4 e6 2. d3 c5 3. Nd2 Nc6 4. Ngf3 Nge7 5. g3 g6 6. Bg2 Bg7 7. O-O Nd4 8.
c3 Nxf3+ 9. Nxf3 O-O 10. Be3 d6 11. Qd2 Re8 12. Bh6 Bh8 13. d4 cxd4 14.
cxd4 Qb6 15. Rad1 Bd7 16. Be3 d5 17. e5 Rec8 18. Bg5 Qd8 19. g4 Rc7 20. Rc1
Rac8 21. h4 Qe8 22. h5 Bg7 23. Bf6 Bb5 24. Rfe1 Bc4 25. b3 Ba6 26. Rxc7
Rxc7 27. Bxg7 Kxg7 28. hxg6 hxg6 29. Ng5 Ng8 30. Re3 Qc6 31. Kh2 Qc2 32.
Qe1 Nh6 33. Kg3 Qb2 34. Nf3 Rc2 35. Bh3 Be2 36. Ng1 Ba6 37. Nf3 Qxa2 38. g5
Ng8 39. Rc3 Qb2 40. Rxc2 Qxc2 41. Qb4 Qc7 42. Qc5 Qxc5 43. dxc5 Ne7 44. Nd4
Nc6 45. Nxc6 bxc6 46. Kf3 Kf8 47. Ke3 Ke7 48. Kd4 Kd8 49. Kc3 Kc7 50. b4
Bc4 51. Bg4 Kb7 52. Bd1 Ka6 53. Ba4 Bb5 54. Bc2 Be2 55. Ba4 Kb7 56. f4 Ba6
57. Bc2 Bb5 58. f5 exf5 59. Bxf5 Kc7 60. e6 fxe6 61. Bxe6 Be2 62. Bf7 Bh5
63. Be8 Kb7 64. Kd4 Kc7 65. Ke5 a6 66. Kd4 Kb7 67. Kc3 Kc7 68. Kd3 Kb7 69.
Kd4 Kc7 70. Ke5 Kb7 71. Kd6 d4 72. Bxc6+ Kc8 73. Be4 Be2 74. Bxg6 d3 75.
Bf5+ Kb7 76. c6+ Ka7 77. c7 d2 78. Bc2 Kb7 79. Kd7 Bg4+ 80. Kd8 Bf5 81. Bd1
a5 82. bxa5 Bc8 83. g6 Be6 84. g7 Ka7 85. c8=Q Bxc8 86. Kxc8 Ka8 87. g8=Q
Ka7 88. Qf7+ Ka6 89. Qb7+ Kxa5 90. Kc7 { Black stalemated } 1/2-1/2

[Event "ICC tourney 2332 (75 10)"]
[Site "Internet Chess Club"]
[Date "2021.01.24"]
[Round "4"]
[White "JDD01"]
[Black "chessboy2020"]
[Result "1-0"]
[ICCResult "Black forfeits on time"]
[WhiteElo "1817"]
[BlackElo "1679"]
[Opening "Two knights defense (Modern bishop's opening)"]
[ECO "C55"]
[NIC "IG.01"]
[Time "13:01:45"]
[PlyCount "131"]
[TimeControl "4500+10"]

1. e4 e5 2. Nf3 Nc6 3. Bc4 Nf6 4. d3 Be7 5. O-O O-O 6. c3 d6 7. a4 Na5 8.
Ba2 c5 9. Re1 a6 10. Nbd2 Nc6 11. Nf1 Re8 12. Ng5 Rf8 13. Ng3 h6 14. Nf3
Be6 15. Bxe6 fxe6 16. h3 Qc7 17. Nh2 d5 18. Ng4 Bd6 19. Nxf6+ Rxf6 20. Qg4
Qf7 21. Nh5 Rg6 22. Qe2 Rf8 23. Ng3 Rf6 24. f3 d4 25. Nf1 g5 26. Nh2 Kh7
27. Qf2 Qg7 28. Qg3 Rg6 29. Qg4 Ne7 30. Re2 Ng8 31. Bd2 Re8 32. h4 Nf6 33.
Qh3 gxh4 34. Qxh4 Be7 35. Qh3 Rg8 36. g4 Kh8 37. Kf2 Nh7 38. Rh1 Bg5 39.
Kg2 Bxd2 40. Rxd2 Ng5 41. Qh5 Rf8 42. Rf2 Rgf6 43. Qh4 dxc3 44. bxc3 Qd7
45. Nf1 Kg7 46. Ng3 Rg6 47. Nh5+ Kh7 48. Qg3 Qc7 49. Rhf1 Rfg8 50. f4 exf4
51. Rxf4 e5 52. Rf5 c4 53. Nf6+ Rxf6 54. Rxf6 cxd3 55. Qxd3 Qc8 56. R6f5
Ne6 57. Rf7+ Kh8 58. Qh3 Rg6 59. Qh5 Qg8 60. Qxe5+ Rg7 61. Qxe6 Rxg4+ 62.
Kf2 Rg2+ 63. Ke3 Qg3+ 64. R7f3 Qg5+ 65. Kd4 Qd2+ 66. Rd3 { Black forfeits
on time } 1-0

[Event "ICC tourney 2332 (75 10)"]
[Site "Internet Chess Club"]
[Date "2021.01.24"]
[Round "4"]
[White "xyzchessdude"]
[Black "SuperBlueSky"]
[Result "1/2-1/2"]
[ICCResult "Game drawn by mutual agreement"]
[WhiteElo "1960"]
[BlackElo "1562"]
[Opening "English: Neo-Catalan declined"]
[ECO "A14"]
[NIC "RE.09"]
[Time "13:01:41"]
[PlyCount "137"]
[TimeControl "4500+10"]

1. Nf3 d5 2. c4 e6 3. g3 Nf6 4. Bg2 Be7 5. O-O O-O 6. b3 c6 7. Bb2 Nbd7 8.
d3 b6 9. Nbd2 Bb7 10. Qc2 c5 11. e3 Qc7 12. Rac1 Rac8 13. Rfd1 Rfd8 14. Qb1
Qb8 15. Qa1 Bd6 16. cxd5 exd5 17. d4 Re8 18. Bh3 Bf8 19. Ne5 Rcd8 20. Ndf3
Nxe5 21. Nxe5 Bc8 22. Bg2 Qb7 23. dxc5 bxc5 24. Nd3 Ne4 25. Nf4 f6 26. Bc3
Bf5 27. Ba5 Rd7 28. h3 h6 29. g4 Bh7 30. Nd3 Qb5 31. Be1 Ng5 32. a4 Qb6 33.
Nf4 Be4 34. Bxe4 Rxe4 35. Qb1 d4 36. h4 Nf3+ 37. Kf1 Rxf4 38. exf4 Nh2+ 39.
Kg2 Nxg4 40. Qe4 Qxb3 41. Rb1 Qf7 42. Rb8 f5 43. Qc6 Nf6 44. Rd3 Kh7 45.
Rg3 Rd6 46. Qc8 Nd7 47. Rb7 Qe6 48. Rxd7 Rxd7 49. Qxf8 Rf7 50. Qxc5 Qxe1
51. Qxd4 Qe4+ 52. Qxe4 fxe4 53. Rc3 Rxf4 54. Kg3 Rf7 55. Rc4 Re7 56. Kf4
Kg6 57. Kg4 Kf6 58. h5 Ke5 59. Rb4 Rf7 60. Rb2 Kd5 61. Kg3 Kc6 62. a5 Kc5
63. a6 Kc6 64. Rb4 Kd5 65. Rb7 Rf3+ 66. Kg2 Ra3 67. Rxa7 Ke5 68. Rxg7 Rxa6
69. Kg3 { Game drawn by mutual agreement } 1/2-1/2

[Event "ICC tourney 2332 (75 10)"]
[Site "Internet Chess Club"]
[Date "2021.01.24"]
[Round "5"]
[White "runtilmorrow1"]
[Black "hi987"]
[Result "1/2-1/2"]
[ICCResult "Game drawn by repetition"]
[WhiteElo "1968"]
[BlackElo "1596"]
[Opening "Sicilian: dragon, Yugoslav attack, 10.O-O-O"]
[ECO "B78"]
[NIC "SI.18"]
[Time "16:33:50"]
[PlyCount "61"]
[TimeControl "4500+10"]

1. e4 c5 2. Nf3 d6 3. d4 cxd4 4. Nxd4 Nf6 5. Nc3 g6 6. Be3 Bg7 7. f3 O-O 8.
Bc4 Nc6 9. Qd2 Bd7 10. O-O-O Qa5 11. Kb1 Rfc8 12. Bb3 Ne5 13. h4 Nc4 14.
Bxc4 Rxc4 15. g4 Rac8 16. Nb3 Qa6 17. h5 Rxc3 18. bxc3 Bxg4 19. hxg6 Bxf3
20. gxf7+ Kh8 21. e5 Ne4 22. Rxh7+ Kxh7 23. Qh2+ Kg6 24. Rg1+ Kxf7 25.
Rxg7+ Kxg7 26. Qh6+ Kg8 27. Qg6+ Kh8 28. Qh6+ Kg8 29. Qg6+ Kh8 30. Qh6+ Kg8
31. Qg6+ { Game drawn by repetition } 1/2-1/2

[Event "ICC tourney 2332 (75 10)"]
[Site "Internet Chess Club"]
[Date "2021.01.24"]
[Round "5"]
[White "TheChessShark"]
[Black "apachekid"]
[Result "1-0"]
[ICCResult "Black resigns"]
[WhiteElo "1888"]
[BlackElo "1825"]
[Opening "Richter-Veresov attack"]
[ECO "D01"]
[NIC "QP.07"]
[Time "16:32:58"]
[PlyCount "79"]
[TimeControl "4500+10"]

1. d4 Nf6 2. Nc3 d5 3. Bg5 Nbd7 4. e3 g6 5. f4 Bg7 6. Bd3 O-O 7. Nf3 c6 8.
O-O Re8 9. Ne5 Ne4 10. Nxe4 dxe4 11. Bxe4 Nf6 12. Bd3 Qb6 13. Bc4 Be6 14.
Bxe6 fxe6 15. Qd3 Qxb2 16. Qb3 Qxb3 17. axb3 Ne4 18. Ng4 Nd2 19. Rfd1 Ne4
20. Bh6 Nc3 21. Rd3 Nd5 22. Bxg7 Kxg7 23. Ne5 Kf6 24. g4 a5 25. Nd7+ Kg7
26. g5 h6 27. Rf1 hxg5 28. fxg5 Nb4 29. Rd2 Rad8 30. Nc5 Rd5 31. Nxe6+ Kg8
32. Rdf2 Rf5 33. Rxf5 gxf5 34. Rxf5 Nd5 35. Rf3 b5 36. e4 Nb4 37. g6 Nxc2
38. g7 Nxd4 39. Rf8+ Kh7 40. g8=Q+ { Black resigns } 1-0

[Event "ICC tourney 2332 (75 10)"]
[Site "Internet Chess Club"]
[Date "2021.01.24"]
[Round "5"]
[White "kwen2008"]
[Black "rabbitAAAA"]
[Result "0-1"]
[ICCResult "White resigns"]
[WhiteElo "1730"]
[BlackElo "1819"]
[Opening "Nimzo-Indian: classical, Noa variation, 5.cd ed"]
[ECO "E35"]
[NIC "QP.08"]
[Time "16:32:56"]
[PlyCount "40"]
[TimeControl "4500+10"]

1. d4 d5 2. c4 e6 3. Nc3 Bb4 4. cxd5 exd5 5. Qc2 Nf6 6. Bg5 Nbd7 7. e3 c5
8. Nf3 Qa5 9. Bxf6 Nxf6 10. Nd2 cxd4 11. exd4 O-O 12. Nb3 Re8+ 13. Be2
Bxc3+ 14. bxc3 Qb5 15. a4 Qc4 16. Nc5 Rxe2+ 17. Qxe2 Qxc3+ 18. Qd2 Qxa1+
19. Qd1 Qxd1+ 20. Kxd1 b6 { White resigns } 0-1

[Event "ICC tourney 2332 (75 10)"]
[Site "Internet Chess Club"]
[Date "2021.01.24"]
[Round "5"]
[White "michaelxiao"]
[Black "serenacool"]
[Result "1/2-1/2"]
[ICCResult "Game drawn by mutual agreement"]
[WhiteElo "1336"]
[BlackElo "1373"]
[Opening "Giuoco Piano"]
[ECO "C54"]
[NIC "IG.02"]
[Time "16:33:11"]
[PlyCount "77"]
[TimeControl "4500+10"]

1. e4 e5 2. Nf3 Nc6 3. Bc4 Bc5 4. c3 Nf6 5. d4 exd4 6. cxd4 Bb4+ 7. Bd2
Bxd2+ 8. Nbxd2 Nxe4 9. Bxf7+ Kxf7 10. Nxe4 Re8 11. Ne5+ Nxe5 12. dxe5 Rxe5
13. Qf3+ Qf6 14. O-O Qxf3 15. gxf3 d5 16. Ng3 Bh3 17. Rfd1 h5 18. f4 Re6
19. Rxd5 h4 20. Nf1 Rg6+ 21. Rg5 Rxg5+ 22. fxg5 Re8 23. Ne3 Re5 24. Rc1
Rxg5+ 25. Kh1 c6 26. Rc4 Be6 27. Rxh4 Bxa2 28. Ra4 Bd5+ 29. Nxd5 Rxd5 30.
Rxa7 Rb5 31. Ra2 Rf5 32. b4 Rb5 33. Ra4 Rf5 34. Ra7 Rxf2 35. Rxb7+ Kg6 36.
Rb6 Rc2 37. b5 Rc1+ 38. Kg2 Rc2+ 39. Kg3 { Game drawn by mutual agreement }
1/2-1/2

[Event "ICC tourney 2332 (75 10)"]
[Site "Internet Chess Club"]
[Date "2021.01.24"]
[Round "5"]
[White "TheGrandAmateur"]
[Black "marinaxiao"]
[Result "1-0"]
[ICCResult "Black resigns"]
[WhiteElo "1752"]
[BlackElo "1496"]
[Opening "Benko's opening"]
[ECO "A00"]
[NIC "VO.09"]
[Time "16:32:59"]
[PlyCount "73"]
[TimeControl "4500+10"]

1. g3 Nf6 2. Bg2 e6 3. c4 Be7 4. Nc3 Nc6 5. Nf3 O-O 6. d4 d5 7. O-O dxc4 8.
e4 b6 9. d5 Nb4 10. Ne5 Bb7 11. a3 Na6 12. Nxc4 exd5 13. exd5 Nc5 14. b4
Ncd7 15. d6 cxd6 16. Bxb7 Rb8 17. Bg2 Rc8 18. Qe2 a6 19. Bb2 b5 20. Na5 d5
21. Nxd5 Re8 22. Nxe7+ Rxe7 23. Qd3 Qc7 24. Rac1 Qb8 25. Nc6 Rxc6 26. Rxc6
Ne5 27. Bxe5 Qxe5 28. Rc8+ Re8 29. Rxe8+ Qxe8 30. Rd1 h6 31. Qd8 Qxd8 32.
Rxd8+ Kh7 33. Bb7 g6 34. Bxa6 Ne4 35. Bxb5 Nc3 36. Bc4 Nb1 37. b5 { Black
resigns } 1-0

[Event "ICC tourney 2332 (75 10)"]
[Site "Internet Chess Club"]
[Date "2021.01.24"]
[Round "5"]
[White "SuperBlueSky"]
[Black "arconsul2"]
[Result "1-0"]
[ICCResult "Black resigns"]
[WhiteElo "1562"]
[BlackElo "1736"]
[Opening "QGD: Tartakower (Makagonov-Bondarevsky) system"]
[ECO "D58"]
[NIC "QO.09"]
[Time "16:32:58"]
[PlyCount "73"]
[TimeControl "4500+10"]

1. d4 d5 2. c4 e6 3. Nc3 Be7 4. Nf3 Nf6 5. Bg5 O-O 6. e3 h6 7. Bh4 b6 8.
Rc1 Bb7 9. Bxf6 Bxf6 10. cxd5 exd5 11. b4 Qe7 12. Qb3 Rd8 13. Be2 c6 14.
O-O Qd6 15. Rfd1 Nd7 16. b5 Nf8 17. bxc6 Bxc6 18. Bb5 Rac8 19. Qa4 Qd7 20.
Bxc6 Qxc6 21. Qxc6 Rxc6 22. Nxd5 Rcd6 23. Nxf6+ Rxf6 24. h3 Rfd6 25. Rc7
R6d7 26. Rdc1 Ne6 27. Rxd7 Rxd7 28. Ne5 Rc7 29. Rxc7 Nxc7 30. Nc6 a5 31.
Ne5 Nd5 32. Nc4 Nc3 33. Nxb6 Nxa2 34. Kf1 Kf8 35. Ke1 Nc3 36. f3 Nd5 37.
Nxd5 { Black resigns } 1-0

[Event "ICC tourney 2332 (75 10)"]
[Site "Internet Chess Club"]
[Date "2021.01.24"]
[Round "5"]
[White "Ananya22609"]
[Black "PearsonH"]
[Result "0-1"]
[ICCResult "White checkmated"]
[WhiteElo "1625"]
[BlackElo "1752"]
[Opening "French: exchange variation"]
[ECO "C01"]
[NIC "FR.01"]
[Time "16:33:08"]
[PlyCount "118"]
[TimeControl "4500+10"]

1. e4 e6 2. d4 d5 3. exd5 exd5 4. Nf3 Nf6 5. c3 Bd6 6. Bd3 O-O 7. O-O Bg4
8. Bg5 Nbd7 9. Nbd2 c6 10. Qc2 Qc7 11. Rfe1 Rfe8 12. Rad1 Bh5 13. Bh4 Bg6
14. Bxg6 hxg6 15. Bg3 Bxg3 16. hxg3 Qd6 17. Qd3 Rxe1+ 18. Rxe1 Re8 19.
Rxe8+ Nxe8 20. Qe2 Kf8 21. Ne5 Nxe5 22. dxe5 Qe7 23. Kf1 Nc7 24. Nf3 Ne6
25. Nd4 Nxd4 26. cxd4 Qb4 27. e6 Qxd4 28. exf7 Kxf7 29. Qf3+ Qf6 30. Qb3
Qe7 31. Qf3+ Kg8 32. Qg4 Qe8 33. Qb4 Qd7 34. Qf4 b6 35. Qg5 Qf5 36. Qd8+
Kh7 37. Qh4+ Qh5 38. Qa4 c5 39. f3 Qg5 40. Kf2 Qd2+ 41. Kg1 Qe3+ 42. Kh2 d4
43. Qd7 d3 44. f4 Qe2 45. f5 Qh5+ 46. Kg1 Qxf5 47. Qd8 Qe4 48. g4 Qe3+ 49.
Kh2 d2 50. g5 Qe5+ 51. Kh3 Qe1 52. Qd3 d1=Q 53. Qg3 Qh1+ 54. Qh2 Qh5+ 55.
Kg3 Q1xh2+ 56. Kf2 Q5h4+ 57. Ke3 Q2g3+ 58. Kd2 Qd4+ 59. Ke2 Qgf2# { White
checkmated } 0-1

[Event "ICC tourney 2332 (75 10)"]
[Site "Internet Chess Club"]
[Date "2021.01.24"]
[Round "5"]
[White "VianYang"]
[Black "dabpacman"]
[Result "1-0"]
[ICCResult "Black checkmated"]
[WhiteElo "1620"]
[BlackElo "1479"]
[Opening "Benkö gambit: main line"]
[ECO "A58"]
[NIC "BI.41"]
[Time "16:33:07"]
[PlyCount "59"]
[TimeControl "4500+10"]

1. d4 Nf6 2. c4 c5 3. d5 b5 4. cxb5 a6 5. bxa6 g6 6. Nc3 Bxa6 7. e4 Bxf1 8.
Kxf1 d6 9. Nf3 Bg7 10. g3 O-O 11. Kg2 Nbd7 12. Qc2 Qa5 13. Bd2 Rfb8 14. a4
h6 15. Nb5 Qb6 16. Bc3 Qb7 17. Nd2 Nb6 18. b3 Ne8 19. Nc4 Bxc3 20. Qxc3 Nc7
21. Na5 Nxb5 22. axb5 Qc7 23. Nc6 Rc8 24. Ra6 Rxa6 25. bxa6 e6 26. Qf6 exd5
27. Ne7+ Kf8 28. exd5 Ra8 29. Re1 Qd8 30. Qh8# { Black checkmated } 1-0

[Event "ICC tourney 2332 (75 10)"]
[Site "Internet Chess Club"]
[Date "2021.01.24"]
[Round "5"]
[White "UltimateDL"]
[Black "JDD01"]
[Result "1-0"]
[ICCResult "Black resigns"]
[WhiteElo "1631"]
[BlackElo "1817"]
[Opening "Sicilian: accelerated fianchetto, Maróczy bind, 6.Be3"]
[ECO "B38"]
[NIC "SI.33"]
[Time "16:33:02"]
[PlyCount "95"]
[TimeControl "4500+10"]

1. e4 c5 2. Nf3 Nc6 3. d4 cxd4 4. Nxd4 g6 5. c4 Bg7 6. Be3 Nf6 7. Nc3 d6 8.
f3 O-O 9. Qd2 Bd7 10. Nxc6 Bxc6 11. g4 Rc8 12. Be2 a6 13. Rd1 Nd7 14. h4
Ne5 15. h5 Qd7 16. Bh6 Qe6 17. Bxg7 Kxg7 18. hxg6 Qxg6 19. f4 Nd7 20. f5
Qf6 21. g5 Qe5 22. Qe3 Rh8 23. Kd2 Nc5 24. Bf3 b5 25. b4 Na4 26. Nxa4 bxa4
27. Qc3 Qxc3+ 28. Kxc3 Bb5 29. Be2 Rc7 30. Rh5 Rhc8 31. Rdh1 Rh8 32. Rh6
Rcc8 33. f6+ exf6 34. gxf6+ Kg8 35. Rd1 Bc6 36. Rxd6 Bxe4 37. c5 a5 38. Ba6
axb4+ 39. Kxb4 Rb8+ 40. Kc4 Bf3 41. c6 Be2+ 42. Kc5 Bxa6 43. c7 Re8 44. Rd8
Kf8 45. Rh2 Rg8 46. Rhd2 Rg5+ 47. Kb6 Re5 48. Kxa6 { Black resigns } 1-0

[Event "ICC tourney 2332 (75 10)"]
[Site "Internet Chess Club"]
[Date "2021.01.24"]
[Round "5"]
[White "abi2009"]
[Black "pari538"]
[Result "1-0"]
[ICCResult "Black checkmated"]
[WhiteElo "1710"]
[BlackElo "1485"]
[Opening "Ruy Lopez: closed"]
[ECO "C90"]
[NIC "RL.19"]
[Time "16:32:54"]
[PlyCount "91"]
[TimeControl "4500+10"]

1. e4 e5 2. Nf3 Nc6 3. Bb5 a6 4. Ba4 Nf6 5. O-O b5 6. Bb3 Be7 7. Re1 d6 8.
c3 Bg4 9. h3 Bh5 10. a4 O-O 11. d4 Bxf3 12. gxf3 exd4 13. cxd4 Qd7 14. Kh2
h6 15. Nc3 b4 16. Ne2 a5 17. Rg1 Kh8 18. Be3 Nh7 19. Nf4 Bg5 20. Qd2 Bxf4+
21. Bxf4 f5 22. Rg6 fxe4 23. fxe4 Rf6 24. Rag1 Rxg6 25. Rxg6 Rf8 26. Qe3
Qe8 27. Rg2 Qe7 28. Bd5 Nxd4 29. Bxh6 Qe5+ 30. f4 Qf6 31. Bxg7+ Qxg7 32.
Rxg7 Kxg7 33. Qxd4+ Nf6 34. Qg1+ Kh7 35. Qg5 Nxd5 36. Qxd5 Rxf4 37. Qh5+
Kg7 38. Qg5+ Kf7 39. Qxf4+ Ke7 40. h4 Kd7 41. h5 Kc6 42. h6 Kd7 43. h7 Kc6
44. h8=Q Kb6 45. Qb8+ Ka6 46. Qf1# { Black checkmated } 1-0

[Event "ICC tourney 2332 (75 10)"]
[Site "Internet Chess Club"]
[Date "2021.01.24"]
[Round "5"]
[White "kleong12"]
[Black "Nikhilp"]
[Result "0-1"]
[ICCResult "White resigns"]
[WhiteElo "1833"]
[BlackElo "1731"]
[Opening "Four knights: Scotch, 4...exd4"]
[ECO "C47"]
[NIC "KP.06"]
[Time "16:33:28"]
[PlyCount "80"]
[TimeControl "4500+10"]

1. e4 e5 2. Nf3 Nc6 3. Nc3 Nf6 4. d4 exd4 5. Nxd4 Bb4 6. Nxc6 bxc6 7. Bd3
O-O 8. O-O d5 9. exd5 cxd5 10. h3 h6 11. Qf3 c6 12. Bf4 Bd6 13. b3 Qc7 14.
Bxd6 Qxd6 15. Qg3 Qxg3 16. fxg3 Be6 17. Na4 Rac8 18. Nc5 Nd7 19. Nxe6 fxe6
20. Rae1 Rce8 21. c4 Rxf1+ 22. Bxf1 Nb6 23. cxd5 cxd5 24. Kf2 e5 25. Rc1
Kf7 26. Ke3 Rc8 27. Rxc8 Nxc8 28. b4 Nd6 29. g4 Ke6 30. Ba6 d4+ 31. Kd3 Kd5
32. a4 e4+ 33. Kc2 g5 34. g3 Nc4 35. Bb7+ Ke5 36. Ba6 d3+ 37. Kc1 Kd4 38.
a5 e3 39. Kd1 Nb2+ 40. Kc1 d2+ { White resigns } 0-1

[Event "ICC tourney 2332 (75 10)"]
[Site "Internet Chess Club"]
[Date "2021.01.24"]
[Round "5"]
[White "rokrchess"]
[Black "poohfur"]
[Result "1-0"]
[ICCResult "Black resigns"]
[WhiteElo "1619"]
[BlackElo "1705"]
[Opening "Ruy Lopez: 5.O-O"]
[ECO "C78"]
[NIC "RL.12"]
[Time "16:33:08"]
[PlyCount "69"]
[TimeControl "4500+10"]

1. e4 e5 2. Nf3 Nc6 3. Bb5 a6 4. Ba4 Nf6 5. O-O b5 6. Bb3 Bc5 7. c3 d6 8.
d4 Bb6 9. a4 Rb8 10. Bc2 Bg4 11. d5 Ne7 12. axb5 axb5 13. Qd3 O-O 14. Bg5
Ng6 15. h3 Bd7 16. Nbd2 h6 17. Be3 Nh5 18. c4 Ngf4 19. Qa3 Bxh3 20. gxh3
Qd7 21. Bxf4 Nxf4 22. Nh4 Qe7 23. Ndf3 Bc5 24. b4 Qd7 25. Nf5 Ra8 26. Qxa8
Bxf2+ 27. Kxf2 Rxa8 28. Rxa8+ Kh7 29. c5 dxc5 30. bxc5 c6 31. Nxe5 Qb7 32.
Rfa1 b4 33. Nd6 Qe7 34. Nf3 cxd5 35. R1a7 { Black resigns } 1-0

[Event "ICC tourney 2332 (75 10)"]
[Site "Internet Chess Club"]
[Date "2021.01.24"]
[Round "5"]
[White "smartgoldfish"]
[Black "Roger436"]
[Result "0-1"]
[ICCResult "White checkmated"]
[WhiteElo "1277"]
[BlackElo "1755"]
[Opening "Sicilian: Alapin's variation (2.c3)"]
[ECO "B22"]
[NIC "SI.47"]
[Time "16:33:20"]
[PlyCount "70"]
[TimeControl "4500+10"]

1. e4 c5 2. c3 Nf6 3. e5 Nd5 4. d4 cxd4 5. Nf3 Nc6 6. cxd4 d6 7. Bc4 dxe5
8. Nxe5 Nxe5 9. dxe5 e6 10. O-O Be7 11. Qb3 O-O 12. Rd1 Qc7 13. Bxd5 exd5
14. Bf4 Be6 15. Qg3 Qc2 16. Nc3 Rfd8 17. Rd3 Bh4 18. Qf3 Bxf2+ 19. Kh1 Bg4
20. Qxg4 Qxd3 21. e6 Qg6 22. Qf3 Bc5 23. Nxd5 fxe6 24. Nc7 Rd3 25. Qxb7
Rad8 26. Bd2 Rxd2 27. Rf1 Rd1 28. Qf3 Rxf1+ 29. Qxf1 Qc2 30. h4 Rd1 31.
Qxd1 Qxd1+ 32. Kh2 Bd6+ 33. Kh3 Qd3+ 34. Kg4 Qg3+ 35. Kh5 Qg6# { White
checkmated } 0-1

[Event "ICC tourney 2332 (75 10)"]
[Site "Internet Chess Club"]
[Date "2021.01.24"]
[Round "5"]
[White "clair"]
[Black "chesslin"]
[Result "1-0"]
[ICCResult "Black resigns"]
[WhiteElo "1681"]
[BlackElo "1765"]
[Opening "Modern defense"]
[ECO "A40"]
[NIC "QO.17"]
[Time "16:33:01"]
[PlyCount "83"]
[TimeControl "4500+10"]

1. d4 g6 2. Bf4 Bg7 3. Nc3 d6 4. e4 Nd7 5. Qd2 e5 6. Be3 a6 7. Nf3 b5 8.
dxe5 dxe5 9. a4 b4 10. Nd5 Ngf6 11. Qxb4 Nxd5 12. exd5 Rb8 13. Qa3 Qe7 14.
Qxe7+ Kxe7 15. b3 h6 16. O-O-O f5 17. g3 Rd8 18. Nh4 Kf7 19. d6 c5 20. Bc4+
Kf6 21. Rhg1 g5 22. Ng2 Bb7 23. Bd5 Bxd5 24. Rxd5 Ke6 25. Rdd1 Rb6 26. f4
Bf6 27. fxg5 hxg5 28. h4 gxh4 29. Nxh4 f4 30. Bf2 fxg3 31. Bxg3 Rg8 32. Nf3
Rxd6 33. Rxd6+ Kxd6 34. Bxe5+ Bxe5 35. Rxg8 Bc3 36. Nd2 Kd5 37. Rd8 Ke6 38.
Nc4 Nf6 39. Rd6+ Kf5 40. Rxa6 Ne4 41. Nd6+ Nxd6 42. Rxd6 { Black resigns }
1-0

[Event "ICC tourney 2332 (75 10)"]
[Site "Internet Chess Club"]
[Date "2021.01.24"]
[Round "5"]
[White "sillytiger"]
[Black "castle2king"]
[Result "0-1"]
[ICCResult "White checkmated"]
[WhiteElo "1432"]
[BlackElo "1660"]
[Opening "English opening"]
[ECO "A16"]
[NIC "EO.64"]
[Time "16:33:07"]
[PlyCount "94"]
[TimeControl "4500+10"]

1. c4 Nf6 2. Nc3 g6 3. g3 Bg7 4. Bg2 O-O 5. Nf3 d6 6. O-O c5 7. d3 Na6 8.
Bd2 Nc7 9. Qc1 Rb8 10. a4 a6 11. Bh6 Bd7 12. Bxg7 Kxg7 13. Ng5 Ne6 14.
Nxe6+ Bxe6 15. a5 Qd7 16. Na4 Qd8 17. Qd2 Bd7 18. Nb6 Bc6 19. Rac1 Nd7 20.
Qc3+ Kg8 21. Nd5 Bxd5 22. Bxd5 Nf6 23. Bg2 b6 24. axb6 Qxb6 25. Rc2 Qb4 26.
Qxb4 Rxb4 27. Ra1 Rb6 28. Bf3 Rfb8 29. Kg2 Kg7 30. h4 h5 31. Ra2 Ne8 32. g4
hxg4 33. Bxg4 Nf6 34. Bf3 Nd7 35. Be4 Ne5 36. Kg3 Nd7 37. Kf4 Nf8 38. Bd5
Nd7 39. Bf3 Nf6 40. Kg5 e5 41. h5 gxh5 42. Bxh5 Rh8 43. Bg4 Rh6 44. Bf3 Rb8
45. Rxa6 Rbh8 46. Rxd6 Rh5+ 47. Bxh5 Rxh5# { White checkmated } 0-1